 Dungeon Crawl Stone Soup version 0.20.1-1-g8b1a95d (webtiles) character file.

263 McKennaii the Gusty (level 6, -3/33 HPs)
             Began as a Tengu Air Elementalist on Oct 23, 2017.
             Slain by a river rat (4 damage)
             ... in a sewer.
             The game lasted 00:06:29 (3121 turns).

McKennaii the Gusty (Tengu Air Elementalist)        Turns: 3121, Time: 00:06:30

Health: -3/33      AC:  6    Str:  8    XL:     6   Next: 19%
Magic:  1/11       EV: 12    Int: 18    God:
Gold:   216        SH:  0    Dex: 14    Spells: 3/11 levels left

rFire    . . .     SeeInvis .   (no weapon)
rCold    . . .     Gourm    .   (no shield)
rNeg     . . .     Faith    .   e - +3 leather armour
rPois    .         Spirit   .   (helmet restricted)
rElec    .         Reflect  .   (no cloak)
rCorr    .         Harm     .   (no gloves)
MR       .....                  (boots unavailable)
Stlth    ++........             (no amulet)
Regen    0.2/turn               (no ring)
MPRegen  0.2/turn               (no ring)

@: no status effects
A: beak, talons 3, able to fly 1
a: Fly


You were in a sewer.
You were not hungry.

You visited 1 branch of the dungeon, and saw 4 of its levels.
You also visited: Sewer.

You collected 216 gold pieces.

Inventory:

Armour
 a - a +0 robe
 e - a +3 leather armour (worn)
Wands
 q - a wand of iceblast (6/15)
 v - a wand of acid (8/15)
 x - a wand of lightning (6/15)
Scrolls
 j - a scroll of blinking {unknown}
 k - a scroll of recharging {unknown}
 l - 2 scrolls of teleportation {unknown}
 m - 2 scrolls of noise {unknown}
 n - a scroll of remove curse {unknown}
 o - 4 scrolls of identify {unknown}
 r - a scroll of amnesia {unknown}
 t - a scroll of fear {unknown}
 u - a scroll of enchant weapon {unknown}
 w - a scroll of fog {unknown}
Potions
 f - 3 potions of curing
 g - a potion of mutation {unknown}
 h - 3 potions of brilliance {unknown}
 i - 2 potions of agility {unknown}
 s - 3 potions of degeneration {unknown}
 z - a potion of flight {unknown}
 A - a potion of haste {unknown}
Books
 b - a book of Air

   Spells                             Type                      Level
   a - Shock                          Conjuration/Air              1
   b - Swiftness                      Charms/Air                   2
   c - Static Discharge               Conjuration/Air              3
   d - Airstrike                      Air                          4
   e - Lightning Bolt                 Conjuration/Air              5
Comestibles
 c - 2 bread rations
 d - 2 fruits
 p - a royal jelly


   Skills:
 + Level 0.4 Fighting
 + Level 1.8 Armour
 + Level 2.5 Dodging
 + Level 2.7 Stealth
 + Level 0.7 Unarmed Combat
 + Level 3.2 Spellcasting
 + Level 3.1 Conjurations
 + Level 6.0 Air Magic


You had 3 spell levels left.
You knew the following spells:

 Your Spells              Type           Power        Failure   Level  Hunger
a - Shock                 Conj/Air       ###.         3%          1    None
b - Swiftness             Chrm/Air       ##......     10%         2    ##.....
c - Lightning Bolt        Conj/Air       ###.......   67%         5    ######.


Dungeon Overview and Level Annotations

Branches:
Dungeon (4/15)
 Temple: D:4-7

Altars:
Cheibriados
Dithmenos
Trog
The Shining One


Innate Abilities, Weirdness & Mutations

You have a beak for a mouth.
You have claws for feet.
You can fly.


Message History

Confirm with . or Enter, or press ? or * to list all spells.
You don't have enough magic to cast that spell.
Casting: Shock
Confirm with . or Enter, or press ? or * to list all spells.
You don't have enough magic to cast that spell.
You closely miss the river rat.
You peck the river rat, but do no damage.
The river rat is heavily wounded.
The river rat bites you.
The river rat bites you but does no damage.
You hit the river rat but do no damage.
The river rat is heavily wounded.
The river rat bites you. The river rat bites you!
* * * LOW HITPOINT WARNING * * *
The rat bites you.
* * * LOW HITPOINT WARNING * * *
You closely miss the river rat.
The river rat is lightly wounded.
The river rat bites you.
You die...

##############
≈≈≈≈≈≈≈≈≈≈≈≈
≈≈≈≈≈≈≈≈≈
#######
#[.#@.#
#..rrr#
##.rr##
#..†..# #≈
#.....# #≈#
###†####≈#≈
#....≈≈≈≈≈≈
##...≈≈≈≈≈≈≈≈
#....≈≈≈≈≈≈≈≈≈


You could see 2 river rats and 3 rats.

Vanquished Creatures
  An orc wizard (D:4)
  An orc priest (D:4)
  4 gnolls (D:3)
  8 adders
  A river rat (Sewer)
  An ooze (D:4)
  2 worms
  2 dart slugs
  2 orcs
  A ball python (D:1)
  5 giant cockroaches
  12 goblins
  9 hobgoblins
  4 jackals
  10 kobolds
  A quokka (D:3)
  4 bats
  A frilled lizard (D:3)
  5 rats
74 creatures vanquished.

Notes
Turn   | Place    | Note
-------+----------+-------------------------------------------
     0 | D:1      | McKennaii the Tengu Air Elementalist began the quest for the Orb.
     0 | D:1      | Reached XP level 1. HP: 10/10 MP: 4/4
   164 | D:1      | Reached XP level 2. HP: 15/15 MP: 0/6
   890 | D:2      | Reached XP level 3. HP: 19/19 MP: 0/7
  1171 | D:2      | Reached skill level 5 in Air Magic
  1605 | D:2      | Reached XP level 4. HP: 22/24 MP: 2/8
  2097 | D:3      | Gained mutation: You can fly. [Tengu growth]
  2097 | D:3      | Reached XP level 5. HP: 28/28 MP: 3/10
  2164 | D:3      | Learned a level 2 spell: Swiftness
  2170 | D:3      | Learned a level 5 spell: Lightning Bolt
  2344 | D:3      | Reached skill level 1 in Armour
  2487 | D:3      | Found a bloodstained altar of Trog.
  2555 | D:3      | Found a snail-covered altar of Cheibriados.
  2598 | D:3      | Found a glowing golden altar of the Shining One.
  2598 | D:3      | Found a shadowy altar of Dithmenos.
  2907 | D:4      | Found a glowing drain.
  2911 | D:4      | Reached XP level 6. HP: 33/33 MP: 4/11
  2959 | Sewer    | Entered a sewer
  3086 | Sewer    | Reached skill level 6 in Air Magic
  3120 | Sewer    | HP: 1/33 [rat (2)]
  3121 | Sewer    | Slain by a river rat

Skill      XL: |  1  2  3  4  5  6 |
---------------+-------------------+-----
Air Magic      | 5 6 |  6.0
Conjurations   | 2 3 |  3.1
Armour         | 1 |  1.8
Spellcasting   | 3 |  3.2
Fighting       | |  0.4
Dodging        | |  2.5
Stealth        | |  2.7
Unarmed Combat | |  0.7

Action                   |  1- 3 |  4- 6 || total
-------------------------+-------+-------++-------
Melee: Unarmed           |    13 |    17 ||    30
       Kick              |     5 |     3 ||     8
       Peck              |     1 |     4 ||     5
 Cast: Shock             |    69 |    95 ||   164
  Use: Potion            |       |     1 ||     1
  Eat: Chunk             |     3 |     5 ||     8
Armor: Leather armour    |     3 |    16 ||    19
Dodge: Dodged            |     6 |    35 ||    41
